 Dungeon Sprint DCSS version 0.29-a0-359-g541a27f54d (webtiles) character file.

Game seed: 17420915691300176936

36 Zeldest the Ruffian (level 3, 0/31 HPs)
             Began as a Vine Stalker Fighter on Apr 27, 2022.
             Shot with an arrow by a centaur (8 damage)
             ... in the Dungeon (Sprint IX: "|||||||||||||||||||||||||||||").
             The game lasted 00:00:21 (36 turns).

Zeldest the Ruffian (Vine Stalker Fighter)            Turns: 36, Time: 00:00:21

Health: 0/31       AC:  6    Str: 20    XL:     3   Next: 37%
Magic:  0/4        EV:  9    Int:  8    God:
Gold:   0          SH:  5    Dex: 13    Spells: 2/2 levels left

rFire   . . .      SeeInvis .     - Unarmed
rCold   . . .      Faith    .   b - +0 buckler
rNeg    . . .      Spirit   +   a - +0 scale mail
rPois   .          Reflect  .   (no helmet)
rElec   .          Harm     .   (no cloak)
rCorr   .          Rampage  .   (no gloves)
Will    .....      NoTele   +   (no boots)
Stlth   ..........              (no amulet)
HPRegen 0.10/turn               (no ring)
MPRegen 0.09/turn               (no ring)

@: berserking (expiring), very quick
A: fangs 2, magic shield, antimagic bite, no potion heal 2
a: no special abilities


You were in the Dungeon.
You visited 1 branch

Inventory:

Armour
 a - a +0 scale mail (worn)
 b - a +0 buckler (worn)
Scrolls
 h - a scroll of blinking
Potions
 c - a potion of might
 d - a potion of curing
 e - a potion of haste
 f - 2 potions of magic


   Skills:
 + Level 3.7 Fighting
 + Level 3.3 Armour
 + Level 3.7 Shields
 * Level 4.4 Unarmed Combat


You had 2 spell levels left.
You didn't know any spells.
Your spell library was empty.

Dungeon Overview and Level Annotations

Branches:
Dungeon (1/1)

Altars:


Innate Abilities, Weirdness & Mutations

You have extremely sharp teeth.
When hurt, damage is shared between your health and your magic reserves.
Your bite disrupts and absorbs the magic of your enemies.
Potions cannot restore your health.


Message History

You punch the hound!
You kill the hound!
Your Armour skill increases to level 3!
Your Unarmed Combat skill increases to level 4!
You have reached level 2!
You have reached level 3!
Your experience leads to an increase in your attributes!
Increase (S)trength, (I)ntelligence, or (D)exterity?
You feel stronger. x2
You hit the ice beast but do no damage. You bite the ice beast.
You drain its power.
The ice beast is moderately wounded.
You hit the ice beast. You bite the ice beast. You drain its power.
The ice beast is heavily wounded.
The ice beast hits you but does no damage.
You closely miss the ice beast. Your bite misses the ice beast.
The ice beast is heavily wounded.
The ice beast barely misses you.
You barely miss the ice beast. You bite the ice beast. You drain its power.
The ice beast is heavily wounded.
You closely miss the ice beast. Your bite misses the ice beast.
The ice beast is heavily wounded.
You block the ice beast's attack.
You punch the ice beast! Your bite misses the ice beast.
The ice beast is almost dead.
The ice beast hits you. The ice beast freezes you!
You closely miss the ice beast.
The ice beast is almost dead.
You closely miss the ice beast.
The ice beast is almost dead.
The ice beast hits you. The ice beast freezes you!
* * * LOW HITPOINT WARNING * * *
You barely miss the ice beast.
The ice beast is almost dead.
The ice beast hits you but does no damage.
You punch the ice beast!
You kill the ice beast!
The centaur wields a +0 shortbow.
The centaur shoots an arrow.
The arrow hits you!
You die... ▓▓▓▓▓▓▓▓▓▓▓▓▓▓▓▓▓▓ +..SSc†@....)...<▓ ▓▓▓▓▓▓▓▓▓▓▓▓▓▓▓▓▓▓

You could see a centaur and 2 adders.

Vanquished Creatures
  An ice beast (D)
  A hound (D)
  An endoplasm (D)
  2 hobgoblins (D)
  A kobold (D)
  A rat (D)
7 creatures vanquished.

Notes
Turn   | Place    | Note
-------+----------+-------------------------------------------
     0 | D        | Zeldest the Vine Stalker Fighter began the quest for the
                  | Orb.
     0 | D        | Reached XP level 1. HP: 11/11 MP: 2/2
    17 | D        | Reached skill level 3 in Unarmed Combat
    23 | D        | Noticed a centaur
    23 | D        | Noticed an ice beast
    23 | D        | Noticed a hound
    26 | D        | Killed a hound
    27 | D        | Reached skill level 4 in Unarmed Combat
    27 | D        | Reached XP level 2. HP: 17/17 MP: 3/3
    27 | D        | Reached XP level 3. HP: 21/21 MP: 4/4
    36 | D        | Killed an ice beast
    36 | D        | Shot with an arrow by a centaur

Illustrated notes

Levels and vault maps discovered:
D:        linesprint [early_d, line_temple, items_1, d_10, items_2, lair_1,
          lair_end, items_3, orc_1, orc_end, items_4, d_15, swamp_1, shoals_1,
          snake_1, spider_1, d_20, vaults_1, items_5, swamp_end, shoals_end,
          snake_end, spider_end, vaults_end, d_27, items_6, zot_1, zot_end,
          crypt_end, forest_end, elf_end, slime_end, tomb_end, abyss_end,
          pan_hell_end]

Skill      XL: |  1 |
---------------+----+-----
Fighting       | 3 |  3.7
Shields        | 3 |  3.7
Unarmed Combat | 4 |  4.4
Armour         | 3 |  3.3

Action                   || total
-------------------------++-------
Melee: Unarmed           ||    25
       Bite              ||     4
  Use: Potion            ||     1
Armor: Scale mail        ||     5
Dodge: Dodged            ||     4
Block: Buckler           ||     4

Table legend: (Time is in decaauts)
 A = Elapsed time spent in this place.
 B = Non-inter-level travel time spent in this place.
 C = Inter-level travel time spent in this place.
 D = Time resting spent in this place.
 E = Time spent auto-exploring this place.
 F = Levels seen in this place.
 G = Mean time per level.
                   A        B        C        D        E       F      G
               +--------+--------+--------+--------+--------+-----+--------+
         Total |     32 |     32 |      0 |      0 |      0 |   1 |   32.0 |
       Dungeon |     32 |     32 |      0 |      0 |      0 |   1 |   32.0 |
               +--------+--------+--------+--------+--------+-----+--------+

Top non-repeatable levels by time:
       D: 32 daAuts
